 Dungeon Crawl Stone Soup version 0.25-a0-544-gee0576305d (webtiles) character file.

Game seed: 1117866264534445192, levelgen mode: deterministic

11 Gargoyl the Skirmisher (level 2, 0/26 HPs)
             Began as a Centaur Abyssal Knight on Feb 20, 2020.
             Was a Follower of Lugonu.
             Succumbed to an adder's poison
             ... on level 2 of the Dungeon.
             The game lasted 00:02:30 (1284 turns).

Gargoyl the Skirmisher (Centaur Abyssal Knight)     Turns: 1284, Time: 00:02:31

Health: 0/26       AC:  5    Str: 16    XL:     2   Next: 17%
Magic:  3/3        EV:  8    Int: 11    God:    Lugonu [*.....]
Gold:   77         SH:  0    Dex:  8    Spells: 1/1 levels left

rFire    . . .     SeeInvis .   f - +2 great sword (elec)
rCold    . . .     Gourm    .   (shield currently unavailable)
rNeg     . . .     Faith    .   h - +0 ring mail
rPois    .         Spirit   .   (no helmet)
rElec    .         Reflect  .   (no cloak)
rCorr    .         Harm     .   (no gloves)
MR       .....                  (no barding)
Stlth    ..........             g - amulet of inaccuracy (curse)
HPRegen  0.08/turn              (no ring)
MPRegen  0.08/turn              (no ring)

@: lethally poisoned (0 -> -6), very slightly contaminated, invisible, very
quick
A: large, hooves 3, deformed body, speed 2, strong 1, tough skin 3, wild magic 1
a: Depart the Abyss, Renounce Religion


You were on level 2 of the Dungeon.
You worshipped Lugonu.
Lugonu was aware of your devotion.
You were not hungry.

You visited 1 branch of the dungeon, and saw 2 of its levels.
You visited the Abyss 1 time.

You collected 77 gold pieces.

Inventory:

Hand Weapons
 a - a +1 hand axe
 f - a +2 great sword of electrocution (weapon)
Armour
 h - a +0 ring mail (worn)
Jewellery
 g - a cursed amulet of inaccuracy (around neck)
Scrolls
 j - a scroll of identify
Potions
 e - a potion of invisibility
Comestibles
 c - 4 rations


   Skills:
 + Level 3.1 Fighting
 + Level 0.4 Long Blades
 + Level 1.8 Axes
 * Level 1.6 Armour
 * Level 0.7 Dodging
 * Level 2.0 Invocations


You had one spell level left.
You didn't know any spells.
Your spell library was empty.

Dungeon Overview and Level Annotations

Branches:
Dungeon (2/15)

Altars:


Innate Abilities, Weirdness & Mutations

You have hooves in place of feet.
Armour fits poorly on your strangely shaped body.
You cover ground very quickly.
You have extremely tough skin. (AC +3)
Your muscles are strong. (Str +2)
Your spells are a little harder to cast, but a little more powerful.


Message History

* * * LOW HITPOINT WARNING * * *
You feel sick. The adder bites you.
* * * LOW HITPOINT WARNING * * *
The adder bites you but does no damage.
You miss the adder.
The adder is moderately wounded.
* * * LOW HITPOINT WARNING * * *
You feel sick. The adder barely misses you.
The adder bites you but does no damage.
Unknown command.
You miss the adder.
The adder is lightly wounded.
The adder barely misses you.
You riposte.
You completely miss the adder. Your kick misses the adder.
The adder is lightly wounded.
The adder bites you but does no damage.
Unknown command.
You miss the adder. Your kick misses the adder.
The adder is lightly wounded.
You die...

#...≈≈..!.
#...≈≈....
#..≈.≈≈...
#...≈≈....
#≈..≈..%..
##...≈≈.≈..
..#.≈≈.≈≈...# .
#.#..@S≈≈≈≈.#
..#.#....≈≈...#
#.#.#.≈..≈≈...#
#.#.#.≈≈≈≈≈≈≈.#
..#..#.#.##...≈≈...#
#.#..#...##..≈≈≈.≈.#
.
[..<.#........≈≈...#
...#
#...##..####.≈≈..##
...# #......>#
#≈≈###


You could see an adder.

Vanquished Creatures
  A goblin (D:1)
  A hobgoblin (D:1)
  4 bats
  2 frilled lizards
  2 kobolds
  2 rats
12 creatures vanquished.

Notes
Turn   | Place    | Note
-------+----------+-------------------------------------------
     0 | Abyss:1  | Gargoyl the Centaur Abyssal Knight began the quest for the
                  | Orb.
     0 | Abyss:1  | Reached XP level 1. HP: 19/19 MP: 2/2
    51 | Abyss:1  | Found a corrupted altar of Lugonu.
   145 | Abyss:2  | Noticed a small abomination
   155 | Abyss:2  | Noticed an ancient zyme
   156 | Abyss:2  | Noticed a ynoxinul
   157 | D:1      | Escaped the Abyss
  1061 | D:2      | Reached XP level 2. HP: 25/26 MP: 3/3
  1097 | D:2      | Reached * piety under Lugonu
  1276 | D:2      | Gained mutation: Your spells are a little harder to cast,
                  | but a little more powerful. [potion of mutation]
  1276 | D:2      | Gained mutation: Your muscles are strong. (Str +2) [potion
                  | of mutation]
  1282 | D:2      | HP: 1/26 [poisoned by an adder]
  1284 | D:2      | Succumbed to an adder's poison

Levels and vault maps discovered:
D:1:      kennysheep_arrival_seaside, layout_loops_cross
D:2:      cheibrodos_greedy_goblins, layout_basic, minmay_misc_feat_cross,
          serial_park_tiny_1, chequers_serial_rivers_small_3

Action                   || total
-------------------------++-------
Melee: Great sword       ||   112
       Kick              ||     3
Invok: Depart the Abyss  ||     1
  Use: Scroll            ||     3
       Potion            ||     6
 Stab: Invisible         ||     1
  Eat: Chunk             ||     1
Armor: Ring mail         ||   156
       Leather armour    ||     3
Dodge: Dodged            ||   117
       Rpst.: Great sword ||    44

Table legend:
 A = Non-vault XP
 B = Vault XP
 C = Vault XP percentage of total XP
 D = Non-vault monster count
 E = Vault monster count
 F = Vault count percentage of total count
                 A         B        C        D         E       F
            +---------+---------+-------+---------+---------+-------
      Total |      17 |       0 |   0.0 |      12 |       0 |   0.0
            +---------+---------+-------+---------+---------+-------
        D:1 |       8 |       0 |   0.0 |       6 |       0 |   0.0
        D:2 |       9 |       0 |   0.0 |       6 |       0 |   0.0
            +---------+---------+-------+---------+---------+-------
